AoeStats
← GustavoSL82

Arabia

510206684Analyzed
3v3 RM · 12h ago on Sep 29, 2026· 38m 42s· 6 players
Game mode
Random Map
Map size
Normal (6 player)
Population
200
Speed
Normal
Resources
Standard
Victory
Conquest
Starting age
Dark Age
Ending age
Imperial Age
RankedLock teamsTeams togetherTeam positionsShared explorationLock speedFull tech treeHidden civsTurbo modeCheats
Victory
Defeat
🇫🇷 Khmer · France
844
+10
🇫🇷 Khmer · France
802
+12
🇫🇷 Khmer · France
771
+22
🇧🇷 Byzantines · Brazil
730
-12
🇩🇪 Khmer · Germany
722
-12
🇧🇷 Italians · Brazil
664
-10
julian_venom
0:27 Loom
10:48 Feudal Age
12:04 Wheelbarrow
11:51 Double-Bit Axe
13:26 Horse Collar
18:16 Bloodlines
27:50 Castle Age
25:45 Stone Mining
26:31 Gold Mining
29:11 Heavy Plow
29:24 Bow Saw
29:51 Hand Cart
29:44 Town Watch
32:28 Husbandry
33:28 Caravan
TH*[KL]
0:42 Loom
16:19 Feudal Age
16:46 Double-Bit Axe
18:15 Wheelbarrow
17:23 Horse Collar
21:03 Stone Mining
22:45 Gold Mining
28:52 Arson
29:25 Fletching
32:24 Castle Age
35:34 Hand Cart
GustavoSL82
1:17 Loom
12:21 Feudal Age
13:43 Wheelbarrow
14:02 Double-Bit Axe
16:33 Man-at-Arms
25:07 Stone Mining
25:48 Horse Collar
32:46 Castle Age
HolyTartiflette
7:56 Loom
10:34 Feudal Age
13:53 Double-Bit Axe
19:13 Castle Age
20:40 Bow Saw
24:36 Horse Collar
27:09 Heavy Plow
29:45 Wheelbarrow
31:35 Ballistics
33:48 Imperial Age
31:06 Town Watch
33:15 Scale Barding Armor
33:21 Forging
35:56 Chemistry
34:33 Heavy Scorpion
35:27 Gold Mining
35:28 Stone Mining
36:11 Crop Rotation
36:57 Siege Engineers
raphael.basard
10:19 Feudal Age
11:37 Double-Bit Axe
14:12 Bloodlines
24:56 Castle Age
23:33 Horse Collar
24:56 Scale Barding Armor
25:02 Forging
24:57 Gold Mining
25:47 Bow Saw
26:17 Chain Barding Armor
26:29 Stone Mining
27:04 Heavy Plow
27:13 Husbandry
29:49 Gold Shaft Mining
35:53 Iron Casting
39:38 Imperial Age
mathieu.cordary
7:03 Loom
10:32 Feudal Age
15:32 Fletching
15:44 Padded Archer Armor
25:18 Castle Age
23:07 Double-Bit Axe
24:30 Gold Mining
24:33 Stone Mining
26:09 Crossbowman
26:48 Bodkin Arrow
27:10 Leather Archer Armor
27:57 Wheelbarrow
29:12 Bow Saw
32:57 Hand Cart
41:50 Imperial Age
Connection lost

Rejoining the realm…

Still unreachable

The connection could not be restored.

Session expired

The server has moved on; the page needs a fresh start.